 Dungeon Crawl Stone Soup version 0.17.1-2-g5865329 (webtiles) character file.

4057 DishwasherDemon the Grappler (level 10, -1/86 HPs)
             Began as a Ghoul Monk on Jan 25, 2016.
             Was an Elder of Makhleb.
             Slain by an orc warrior
             ... wielding a +0 glaive
              (10 damage)
             ... in a bailey.
             The game lasted 00:27:52 (6068 turns).

DishwasherDemon the Grappler (Ghoul Monk)           Turns: 6068, Time: 00:27:53

Health: -1/86      AC:  9    Str: 16    XL:     10   Next: 25%
Magic:  13/13      EV: 13    Int:  8    God:    Makhleb [****..]
Gold:   486        SH:  0    Dex: 11    Spells: 1 memorised, 14 levels left

rFire  . . .     SeeInvis .       - Unarmed
rCold  + . .     Clarity  .     N - +3 ring mail
rNeg   + + +     SustAt   .     (no shield)
rPois  ∞         Gourm    .     (no helmet)
rElec  .         Spirit   .     (no cloak)
rCorr  .         Warding  .     (no gloves)
rMut   .         Stasis   .     (no boots)
MR     .....                    (no amulet)
Stlth  +.........               (no ring)
                                q - ring of wizardry

@: rotting, not resistant to hostile enchantments, very unstealthy
A: rotting body, claws 1, carnivore 3, cold resistance 1, negative energy
resistance 3, slow regeneration 1, torment resistance, unbreathing
a: Minor Destruction, Lesser Servant of Makhleb, Major Destruction, Renounce
Religion


You were in a bailey.
You worshipped Makhleb.
Makhleb was greatly pleased with you.
You were not hungry.

You visited 1 branch of the dungeon, and saw 8 of its levels.
You also visited: Bailey.

You collected 486 gold pieces.

Inventory:

Hand Weapons
 E - a -1 shortbow
Missiles
 F - 20 poisoned arrows
 R - a javelin of returning (quivered)
Armour
 a - a +0 robe
 j - a +0 ring mail
 B - a +0 pair of gloves
 N - a +3 ring mail (worn)
 P - the +0 leather armour "Wicuc" {rF- Int+5}
   (You found it on level 8 of the Dungeon)

   It affects your intelligence (+5).
   It makes you vulnerable to fire.
Magical Staves
 I - an uncursed staff of wizardry
Jewellery
 q - a ring of wizardry (left claw)
 u - an uncursed amulet of stasis
 A - an uncursed amulet of resist corrosion
Wands
 y - a wand of lightning (14)
 G - a wand of invisibility (3)
 H - a wand of lightning (7)
 L - a wand of magic darts (17)
 M - a wand of digging (13)
 Q - a wand of confusion (21)
Scrolls
 c - a scroll of fog {unknown}
 d - a scroll of enchant armour {unknown}
 i - a scroll of noise {unknown}
 m - 4 scrolls of identify
 n - 2 scrolls of teleportation
 o - a scroll of recharging {unknown}
 r - a scroll of enchant weapon
 s - a scroll of blinking
 t - 4 scrolls of remove curse
 D - 3 scrolls of fear {unknown}
 J - a scroll of random uselessness {unknown}
 K - 2 scrolls of summoning {unknown}
Potions
 e - a potion of invisibility {unknown}
 f - a potion of agility {unknown}
 k - a potion of brilliance {unknown}
 l - a potion of might {unknown}
 v - a potion of poison {unknown}
 w - a potion of haste
 z - a potion of cure mutation {unknown}
 C - 2 potions of degeneration {unknown}
 O - a potion of curing
Books
 x - a book of Beasts

   Spells                             Type                      Level
   a - Summon Butterflies             Summoning                    1
   b - Call Canine Familiar           Summoning                    3
   c - Summon Ice Beast               Ice/Summoning                4
   d - Summon Mana Viper              Hexes/Summoning              5
   e - Summon Hydra                   Summoning                    7
Comestibles
 b - 5 meat rations
 g - 2 beef jerkies
 h - 2 slices of pizza
 p - 4 chunks of flesh


   Skills:
 * Level 7.3 Fighting
 * Level 5.3 Armour
 * Level 6.0 Dodging
 - Level 2.1 Stealth
 * Level 10.5 Unarmed Combat
 + Level 3.0 Spellcasting
 + Level 3.2 Invocations


You had 14 spell levels left.
You knew the following spells:

 Your Spells              Type           Power        Failure   Level  Hunger
a - Summon Butterflies    Summ           #.......     34%         1    ##.....


Dungeon Overview and Level Annotations

Branches:
Dungeon (8/15)             Temple (0/1) D:7
   Lair: D:8-11

Altars:
Ashenzari
Dithmenos
Fedhas
Kikubaaqudgha
Makhleb
Nemelex Xobeh
Okawaru
Qazlal
Ru
The Shining One

Shops:
D:5 }

Annotations:
D:2 Sigmund


Innate Abilities, Weirdness & Mutations

Your body is rotting away.
You thrive on raw meat.
You are immune to poison.
You have sharp fingernails.
You are carnivorous and can eat meat at any time.
Your flesh is cold resistant.
You are immune to negative energy.
You regenerate slowly when monsters are visible.
You are immune to unholy pain and torment.
You can survive without breathing.


Message History

The orc warrior is severely wounded.
You scratch the orc warrior but do no damage.
The orc warrior is severely wounded.
The orc warrior hits you with a glaive!
You scratch the orc warrior but do no damage.
The orc warrior is severely wounded.
You barely miss the orc warrior.
The orc warrior is severely wounded.
The orc warrior hits you with a glaive!
* * * LOW HITPOINT WARNING * * *
You closely miss the orc warrior. Your claw misses the orc warrior.
The orc warrior is severely wounded.
You claw the orc warrior!
The orc warrior is almost dead.
The orc warrior hits you with a glaive!
* * * LOW HITPOINT WARNING * * *
You closely miss the orc warrior.
The orc warrior is almost dead.
The orc warrior hits you with a glaive!
You die...

≈≈≈≈≈≈≈≈≈≈≈≈≈≈≈##
......)).)......##
).....)..........##
##########⌠.......#
.........#####....#
≈≈≈≈≈≈≈≈≈)...##...#
≈).)....≈≈≈.⌠.#...#
.≈≈≈≈≈≈≈..≈≈..#...#
≈≈.....≈≈≈.≈≈.#⌠@.#
..≈≈≈≈≈..≈≈.≈.##o.#
≈≈≈...≈≈≈.≈.≈≈.#..#
≈..⌠.⌠..≈.≈≈.≈.#..+
...∩∩∩..≈))..≈.#..+
≈..⌠.⌠..≈.≈≈.≈.#).+
≈≈≈...≈≈≈.≈.≈≈.#..#
..≈≈≈≈≈..≈≈.≈.##..#
≈≈.....≈≈≈.≈≈.#


You could see an orc warrior.

Vanquished Creatures
  A deep elf mage (D:7)
  A hungry ghost (D:7)
  Menkaure (D:5)
  A hippogriff (D:7)
  Duvessa (D:4)
  A sky beast (D:8)
  3 orc warriors
  An ogre (D:6)
  3 phantoms
  7 centaurs
  4 giant frogs
  A gnoll sergeant (D:6)
  Dowan (D:4)
  2 scorpions (D:5)
  4 killer bees (D:7)
  4 wights (D:7)
  2 hounds
  11 orc wizards
  3 crimson imps
  4 jellies
  A giant frog skeleton (D:5)
  A centaur skeleton (D:7)
  A gnoll shaman (D:8)
  An orc priest (D:4)
  Jessica (D:3)
  5 worker ants
  2 hound zombies
  A hound skeleton (D:8)
  14 gnolls
  13 adders
  4 oozes
  5 worms
  An adder skeleton (D:7)
  An adder zombie (D:7)
  6 giant geckos
  42 orcs
  3 giant cockroaches
  4 hobgoblins
  4 jackals
  2 quokkas
  8 bats
  A giant gecko skeleton (D:8)
  3 giant newts
  7 goblins
  8 kobolds
  2 quokka skeletons
  5 rats
202 creatures vanquished.

Notes
Turn   | Place    | Note
--------------------------------------------------------------
     0 | D:1      | DishwasherDemon the Ghoul Monk began the quest for the Orb.
     0 | D:1      | Reached XP level 1. HP: 19/19 MP: 0/0
    81 | D:1      | Reached XP level 2. HP: 20/26 MP: 1/1
   143 | D:1      | Reached skill level 5 in Unarmed Combat
   739 | D:1      | You fall through a shaft!
   744 | D:2      | Reached XP level 3. HP: 29/29 MP: 2/2
   840 | D:2      | Noticed Sigmund
  1302 | D:3      | Noticed Jessica
  1302 | D:3      | Reached skill level 6 in Unarmed Combat
  1302 | D:3      | Reached XP level 4. HP: 38/38 MP: 3/3
  1312 | D:3      | Killed Jessica
  1577 | D:3      | Reached XP level 5. HP: 37/45 MP: 4/4
  1613 | D:3      | Reached skill level 7 in Unarmed Combat
  2069 | D:4      | Reached XP level 6. HP: 39/50 MP: 5/5
  2117 | D:4      | Reached skill level 8 in Unarmed Combat
  2311 | D:4      | Noticed a phantom
  2340 | D:4      | Killed a phantom
  2399 | D:4      | Reached skill level 1 in Armour
  2501 | D:4      | Reached XP level 7. HP: 37/58 MP: 6/6
  2511 | D:4      | Noticed a phantom
  2567 | D:4      | Killed a phantom
  2630 | D:4      | Learned a level 1 spell: Summon Butterflies
  2746 | D:4      | Noticed Duvessa
  2765 | D:4      | Killed Duvessa
  2835 | D:4      | Noticed Dowan
  2838 | D:4      | Killed Dowan
  2847 | D:4      | Found a sparkling altar of Nemelex Xobeh.
  2898 | D:5      | Entered Level 5 of the Dungeon
  2899 | D:5      | Found a shattered altar of Ashenzari.
  3051 | D:5      | Reached skill level 1 in Spellcasting
  3146 | D:5      | Reached XP level 8. HP: 67/67 MP: 8/8
  3161 | D:5      | Found a stormy altar of Qazlal.
  3296 | D:5      | Noticed Menkaure
  3306 | D:5      | Killed Menkaure
  3320 | D:5      | Reached skill level 5 in Fighting
  3320 | D:5      | Reached skill level 9 in Unarmed Combat
  3400 | D:5      | Found Mekhatzi's Gadget Boutique.
  3655 | D:6      | Found a burning altar of Makhleb.
  3698 | D:6      | Became a worshipper of Makhleb the Destroyer
  3698 | D:6      | Reached * piety under Makhleb
  3698 | D:6      | Reached ** piety under Makhleb
  4256 | D:6      | Found an iron altar of Okawaru.
  4256 | D:6      | Found a sacrificial altar of Ru.
  4268 | D:6      | Reached skill level 1 in Invocations
  4277 | D:6      | Reached XP level 9. HP: 65/74 MP: 10/10
  4303 | D:6      | Found a blossoming altar of Fedhas.
  4443 | D:7      | Reached skill level 5 in Dodging
  4556 | D:7      | Found an ancient bone altar of Kikubaaqudgha.
  4593 | D:7      | Found a shattered altar of Ashenzari.
  4599 | D:7      | Reached *** piety under Makhleb
  4818 | D:7      | Found a staircase to the Ecumenical Temple.
  4864 | D:7      | Reached skill level 10 in Unarmed Combat
  5099 | D:7      | Found a shadowy altar of Dithmenos.
  5291 | D:7      | Reached XP level 10. HP: 80/86 MP: 12/12
  5346 | D:8      | Got a bronze leather armour
  5362 | D:8      | Identified the +0 leather armour "Wicuc" {rF- Int+5} (You found it on level 8 of the Dungeon)
  5490 | D:8      | Reached **** piety under Makhleb
  5546 | D:8      | Reached skill level 5 in Armour
  5629 | D:8      | Found a glowing golden altar of the Shining One.
  5743 | D:8      | Found a flagged portal.
  5755 | Bailey   | Entered a bailey
  5971 | Bailey   | HP: 4/86 [orc warrior/halberd (23)]
  6068 | Bailey   | Slain by an orc warrior

Action                   |  1- 3 |  4- 6 |  7- 9 | 10-12 || total
-------------------------+-------+-------+-------+-------++-------
Melee: Unarmed           |    85 |   186 |   458 |    91 ||   820
Invok: Minor Destruction |       |       |    18 |    40 ||    58
       Major Destruction |       |       |       |     6 ||     6
  Use: Potion            |     3 |       |       |     2 ||     5
       Scroll            |       |       |       |     5 ||     5
 Stab: Sleeping          |     2 |       |     1 |       ||     3
  Eat: Chunk             |     7 |    10 |    41 |    19 ||    77
